AoeStats
← 鄙人張麻子

Arena

503831767Analyzed
4v4 RM · 1mo ago on Sep 2, 2026· 44m 47s· 8 players
Game mode
Random Map
Map size
Large (8 player)
Population
200
Speed
Normal
Resources
Standard
Victory
Conquest
Starting age
Dark Age
Ending age
Imperial Age
RankedLock teamsTeams togetherTeam positionsShared explorationLock speedFull tech treeHidden civsTurbo modeCheats
Victory
Defeat
🇹🇼 Ethiopians · Taiwan
1167
+11
🇹🇼 Celts · Taiwan
1125
+13
🇹🇼 Spanish · Taiwan
1023
+17
🇹🇼 Persians · Taiwan
1006
+18
🇹🇼 Hindustanis · Taiwan
1078
-16
🇹🇼 Poles · Taiwan
1077
-16
🇹🇼 Wei · Taiwan
1034
-14
🇹🇼 Khmer · Taiwan
1032
-14
mikufish01
10:24 Feudal Age
14:02 Castle Age
12:17 Double-Bit Axe
14:09 Horse Collar
15:39 Bow Saw
20:08 Wheelbarrow
19:22 Loom
22:22 Scale Mail Armor
25:56 Forging
29:04 Imperial Age
27:08 Heavy Plow
29:41 Hand Cart
29:31 Gold Mining
30:50 Chemistry
31:17 Scale Barding Armor
31:03 Fletching
31:44 Ballistics
32:44 Chain Barding Armor
33:00 Iron Casting
35:52 Plate Barding Armor
36:18 Blast Furnace
36:13 Conscription
39:30 Tusk Swords
39:49 Chain Mail Armor
39:30 Bodkin Arrow
39:36 Padded Archer Armor
39:36 Murder Holes
40:24 Elite Battle Elephant
42:47 Bracer
Andre114514
9:12 Feudal Age
9:41 Double-Bit Axe
9:38 Horse Collar
13:51 Wheelbarrow
17:15 Castle Age
15:11 Gold Mining
16:22 Fletching
20:42 Bodkin Arrow
26:08 Sanctity
31:46 Padded Archer Armor
31:52 Loom
31:53 Elite Skirmisher
32:41 Thumb Ring
39:26 Leather Archer Armor
u990221
8:58 Feudal Age
9:34 Double-Bit Axe
17:32 Horse Collar
22:37 Castle Age
25:01 Wheelbarrow
24:28 Heavy Plow
24:42 Bow Saw
25:42 Heavy Plow
30:02 Hand Cart
30:03 Gold Mining
34:42 Imperial Age
32:20 Scale Mail Armor
32:31 Forging
32:57 Squires
34:49 Light Cavalry
35:39 Bloodlines
35:30 Husbandry
35:39 Winged Hussar
36:26 Loom
36:27 Town Watch
37:55 Scale Barding Armor
38:25 Iron Casting
38:53 Lechitic Legacy
38:53 Conscription
39:04 Chain Barding Armor
a1952972
10:25 Feudal Age
12:24 Double-Bit Axe
12:58 Horse Collar
15:24 Castle Age
18:00 Wheelbarrow
17:38 Bow Saw
17:30 Heavy Plow
21:00 Hand Cart
22:42 Gold Mining
22:45 Stone Mining
24:56 Loom
28:32 Imperial Age
27:18 Scale Barding Armor
27:24 Forging
28:17 Scale Mail Armor
28:57 Stone Shaft Mining
29:00 Gold Shaft Mining
29:49 Iron Casting
30:19 Conscription
31:28 Chain Mail Armor
32:14 Blast Furnace
32:16 Grand Trunk Road
31:39 Elite Ghulam
34:08 Chemistry
37:35 Husbandry
37:45 Bloodlines
36:56 Light Cavalry
38:16 Chain Barding Armor
39:24 Hussar
鄙人張麻子
11:11 Feudal Age
12:26 Double-Bit Axe
14:41 Castle Age
13:19 Horse Collar
15:35 Heavy Plow
15:46 Bow Saw
22:04 Wheelbarrow
23:43 Hand Cart
24:08 Gold Mining
28:02 Imperial Age
25:28 Loom
25:53 Scale Mail Armor
26:05 Forging
25:59 Stone Mining
26:36 Masonry
26:44 Squires
27:09 Chain Mail Armor
26:56 Town Watch
29:07 Iron Casting
30:02 Chemistry
29:02 Halberdier
29:07 Heavy Scorpion
30:51 Torsion Engines
32:23 Two-Man Saw
32:27 Town Patrol
33:14 Fervor
33:39 Conscription
35:25 Plate Mail Armor
35:56 Blast Furnace
35:59 Caravan
37:41 Coinage
37:22 Guilds
40:23 Gold Shaft Mining
39:59 Sappers
40:16 Arson
42:03 Atonement
43:06 Banking
世紀垃圾
10:39 Feudal Age
16:07 Castle Age
18:26 Double-Bit Axe
21:46 Scale Mail Armor
22:29 Horse Collar
23:46 Bow Saw
29:34 Heavy Plow
32:42 Imperial Age
31:34 Gold Mining
31:12 Pikeman
32:10 Forging
33:33 Wheelbarrow
35:11 Iron Casting
34:52 Chain Mail Armor
35:53 Hand Cart
39:00 Loom
39:04 Halberdier
40:17 Plate Mail Armor
41:56 Blast Furnace
40:49 Arson
41:07 Onager
42:09 Town Watch
44:02 Furor Celtica
45:07 Gold Shaft Mining
44:23 Stone Mining
東塔取蜜
10:32 Feudal Age
15:19 Castle Age
13:13 Double-Bit Axe
13:12 Horse Collar
15:55 Bow Saw
15:46 Heavy Plow
16:28 Scale Barding Armor
19:27 Forging
20:43 Chain Barding Armor
24:34 Husbandry
24:44 Bloodlines
33:22 Imperial Age
33:09 Wheelbarrow
34:13 Iron Casting
34:21 Murder Holes
35:27 Chemistry
34:47 Ballistics
35:01 Cavalier
36:20 Plate Barding Armor
36:46 Blast Furnace
36:00 Masonry
36:08 Hand Cart
35:39 Loom
36:43 Conscription
37:04 Hoardings
38:03 Savar
39:50 Caravan
40:12 Kamandaran
40:27 Gold Mining
40:27 Stone Mining
41:11 Architecture
40:27 Light Cavalry
43:55 Hussar
春元胯下巨蟒
10:34 Feudal Age
15:42 Castle Age
14:16 Loom
15:19 Stone Mining
16:27 Double-Bit Axe
32:00 Wheelbarrow
32:41 Padded Archer Armor
43:19 Imperial Age
40:59 Gold Mining
41:44 Stone Shaft Mining
43:39 Pikeman
44:05 Arson
44:20 Squires
44:05 Gambesons
44:33 Forging
44:24 Scale Mail Armor
44:43 Halberdier
Connection lost

Rejoining the realm…

Still unreachable

The connection could not be restored.

Session expired

The server has moved on; the page needs a fresh start.